 Dungeon Sprint DCSS version 0.18-a0-1312-gf98331d (webtiles) character file.

1302 Kidiri the Covert (level 8, -4/41 (42) HPs)
             Began as a Spriggan Enchanter on Feb 14, 2016.
             Slain by a lava snake (5 damage)
             ... in the Dungeon (Sprint II: "The Violet Keep of Menkaure").
             The game lasted 00:05:21 (1286 turns).

Kidiri the Covert (Spriggan Enchanter)              Turns: 1286, Time: 00:05:21

HP:   -4/41 (42)    AC:  3    Str:  4      XL:     8   Next: 31%
MP:   6/22          EV: 27    Int: 15      God:
Gold: 972           SH:  0    Dex: 17 (18) Spells: 5 memorised, 13 levels left

rFire  . . .     SeeInvis +     a - +1 dagger
rCold  . . .     Gourm    .     b - +1 robe
rNeg   . . .     Faith    .     (shield restricted)
rPois  .         Spirit   .     (helmet restricted)
rElec  .         Dismiss  .     (no cloak)
rCorr  .         Reflect  .     (gloves unavailable)
SustAt .         Harm     .     (boots unavailable)
MR     +....     NoTele   +     (no amulet)
Stlth  ++++++....               (no ring)
                                (no ring)

@: very quick, somewhat resistant to hostile enchantments, very stealthy
A: unfitting armour, see invisible, deterioration 1, dopey 1, herbivore 3, speed
3, slow metabolism 2
a: no special abilities


You were in the Dungeon.
You were not hungry.

You visited 1 branch You collected 972 gold pieces.

Inventory:

Hand Weapons
 a - a +1 dagger (weapon)
Armour
 b - a +1 robe (worn)
Scrolls
 j - a scroll of blinking
Potions
 e - a potion of curing
 f - a potion of heal wounds
 g - a potion of haste
Books
 c - a book of Maledictions

   Spells                             Type                      Level
   a - Corona                         Hexes                        1
   b - Ensorcelled Hibernation        Hexes/Ice                    2
   c - Confuse                        Hexes                        3
   d - Tukima's Dance                 Hexes                        3
   e - Dazzling Spray                 Conjuration/Hexes            3
Comestibles
 d - a bread ration


   Skills:
 + Level 4.0 Fighting
 * Level 8.0 Short Blades
 + Level 3.5 Armour
 * Level 11.0 Dodging
 * Level 12.1 Stealth
 * Level 9.4 Spellcasting
 + Level 2.3 Conjurations
 + Level 7.9 Hexes
 + Level 4.0 Ice Magic


You had 13 spell levels left.
You knew the following spells:

 Your Spells              Type           Power        Failure   Level  Hunger
a - Corona                Hex            ####...      1%          1    None
b - Ensorcelled Hibernat  Hex/Ice        ####..       1%          2    None
c - Confuse               Hex            ####....     1%          3    #......
d - Tukima's Dance        Hex            ####....     1%          3    #......
e - Dazzling Spray        Conj/Hex       ###.....     3%          3    #......


Dungeon Overview and Level Annotations

Branches:
Dungeon (1/1)

Altars:

Shops:
D =(

Annotations:
D Kirke


Innate Abilities, Weirdness & Mutations

You are tiny and cannot use many weapons and most armour.
You have supernaturally acute eyesight.
You are an herbivore.
You cover ground extremely quickly.
You need consume almost no food.
Your body sometimes deteriorates upon taking damage.
You are dopey. (Int -2)


Message History

* * * LOW HITPOINT WARNING * * *
You are engulfed in flames.
* * * LOW HITPOINT WARNING * * *
Unknown command.
Unknown command.
Casting: Dazzling Spray
Confirm with . or Enter, or press ? or * to list all spells.
Aiming: Dazzling Spray
Press: ? - help, Shift-Dir - straight line, f/p - skeletal warrior
Aim: a skeletal warrior The spray of energy hits the skeletal warrior.
The skeletal warrior is lightly damaged.
The spray of energy hits the manticore.
The manticore is lightly wounded.
The manticore is dazzled.
The lava snake completely misses you.
The manticore is engulfed in roaring flames.
The lava snake barely misses you. The lava snake bites you.
* * * LOW HITPOINT WARNING * * *
You are engulfed in flames.
You die...

####+####
##§§§§§§§##
##§§§§§§§≈≈##
+§§§§§§§§§§§# .
#§§§S§§§§≈# c@.
#§SSS§§≈#
###≈≈#z§@#+++##
##≈≈c.c@H.....#
∩#≈≈(≈Y##'##..#
.#≈≈≈≈##.#.##.#
∩#≈≈≈≈#..##.#
.#≈≈####..#####
.#≈##.###'###.##
.#≈#...##.##...#
.+ +.##'.<.+###+


You could see Kirke, a yaktaur captain, an elephant, a skeletal warrior, a
centaur warrior, a manticore (blind), 4 lava snakes and a friendly battleaxe.

Vanquished Creatures
  2 boulder beetles (D)
  4 neqoxecs (D)
  4 necrophages (D)
  A crocodile (D)
  3 worms (D)
14 creatures vanquished.

Vanquished Creatures (others)
  Menkaure (D)
  A crocodile (D)
2 creatures vanquished.

Grand Total: 16 creatures vanquished

Notes
Turn   | Place    | Note
--------------------------------------------------------------
     0 | D        | Kidiri the Spriggan Enchanter began the quest for the Orb.
     0 | D        | Reached XP level 1. HP: 9/9 MP: 5/5
     4 | D        | Reached skill level 5 in Stealth
    34 | D        | Killed a crocodile
   465 | D        | Killed Menkaure
   678 | D        | Noticed a lava snake
   679 | D        | Noticed a lava snake
   680 | D        | Noticed a lava snake
   681 | D        | Reached XP level 2. HP: 13/13 MP: 7/7
   687 | D        | Learned a level 2 spell: Ensorcelled Hibernation
   697 | D        | Noticed a necrophage
   697 | D        | Noticed a necrophage
   697 | D        | Noticed a necrophage
   697 | D        | Noticed a necrophage
   703 | D        | Killed a necrophage
   703 | D        | Reached skill level 1 in Fighting
   703 | D        | Reached skill level 1 in Armour
   703 | D        | Reached skill level 6 in Dodging
   703 | D        | Reached skill level 7 in Stealth
   703 | D        | Reached skill level 5 in Hexes
   703 | D        | Reached skill level 1 in Ice Magic
   703 | D        | Reached XP level 3. HP: 13/17 MP: 8/10
   703 | D        | Reached XP level 4. HP: 16/21 MP: 8/11
   707 | D        | Killed a necrophage
   707 | D        | Reached skill level 8 in Stealth
   707 | D        | Reached XP level 5. HP: 19/25 MP: 8/14
   713 | D        | Killed a necrophage
   713 | D        | Reached skill level 5 in Short Blades
   713 | D        | Reached skill level 9 in Stealth
   713 | D        | Reached XP level 6. HP: 17/31 MP: 8/16
   729 | D        | Learned a level 3 spell: Dazzling Spray
   733 | D        | Learned a level 3 spell: Confuse
   737 | D        | Learned a level 3 spell: Tukima's Dance
   954 | D        | Noticed a neqoxec
   954 | D        | Noticed a neqoxec
   954 | D        | Noticed a neqoxec
   954 | D        | Noticed a neqoxec
   959 | D        | Gained mutation: Your body sometimes deteriorates upon taking damage. [a neqoxec]
   965 | D        | Killed a neqoxec
   965 | D        | Reached skill level 10 in Stealth
   966 | D        | Gained mutation: You are dopey. (Int -2) [a neqoxec]
   977 | D        | Killed a neqoxec
   977 | D        | Reached skill level 1 in Conjurations
   977 | D        | Reached XP level 7. HP: 29/35 MP: 14/19
   982 | D        | Killed a neqoxec
   982 | D        | Reached skill level 11 in Stealth
  1008 | D        | Killed a neqoxec
  1008 | D        | Reached skill level 10 in Dodging
  1156 | D        | Noticed a boulder beetle
  1156 | D        | Noticed a boulder beetle
  1159 | D        | Killed a boulder beetle
  1159 | D        | Reached XP level 8. HP: 41/41 MP: 22/22
  1174 | D        | Killed a boulder beetle
  1174 | D        | Reached skill level 12 in Stealth
  1270 | D        | Found Fuogiom's Jewellery Shoppe.
  1270 | D        | Found Xyepyemu's Antique Weapon Emporium.
  1270 | D        | Noticed Kirke
  1270 | D        | Noticed a kobold demonologist
  1270 | D        | Noticed a skeletal warrior
  1272 | D        | Noticed a yaktaur captain
  1276 | D        | Noticed a manticore
  1277 | D        | Noticed a centaur warrior
  1279 | D        | Noticed an elephant
  1286 | D        | HP: 1/41 [lava snake (3)]
  1286 | D        | Slain by a lava snake

Vault maps used:
D:        the_violet_keep_of_menkaure

Action                   |  1- 3 |  4- 6 |  7- 9 || total
-------------------------+-------+-------+-------++-------
Melee: Dagger            |    43 |    32 |    33 ||   108
 Cast: Corona            |     4 |       |       ||     4
       Dazzling Spray    |       |     5 |    11 ||    16
       Confuse           |       |     1 |     1 ||     2
       Tukima's Dance    |       |       |     4 ||     4
       Ensorcelled Hiber |       |       |     3 ||     3
  Use: Potion            |     1 |     1 |     1 ||     3
 Stab: Sleeping          |     2 |       |     3 ||     5
       Invisible         |       |     2 |     4 ||     6
       Confused          |       |       |     1 ||     1
